[Event "Early-Titled-Tuesday-Blitz-January-30-2024"]
[Site "Chess.com"]
[Date "2024.01.30"]
[Round "6"]
[White "cycygogne"]
[Black "Bushonica"]
[Result "1-0"]
[WhiteElo "2282"]
[BlackElo "1824"]
[TimeControl "180+1"]
[EndTime "9:07:37 PST"]
[Termination "cycygogne won by resignation"]

1. Nf3 d5 2. b3 Nf6 3. Bb2 e6 4. e3 c5 5. Bb5+ Bd7 6. Be2 Be7 7. O-O O-O 8. Ne5 Nc6 9. f4 a6 10.
d3 b5 11. Nd2 Qc7 12. Ndf3 a5 13. Nxc6 Bxc6 14. Ne5 Bb7 15. c4 dxc4 16. dxc4 b4 17. Bf3 Rad8 18. Qe2 Bxf3 19. Qxf3 Rd2 20. Rf2 Rfd8 21.
Nc6 Rxf2 22. Nxe7+ Qxe7 23. Qxf2 Ne4 24. Qf3 f5 25.
Rd1 Rd7 26. h3 Qd8 27. Rxd7 Qxd7 28. Be5 a4 29. Qh5 axb3 30. axb3 Nd2 31. Qd1 Qd3 32. Kh2 Qxe3 33. Qa1 Nxb3 34. Qa8+ Kf7 35. Qb7+ Ke8 36. Qc8+ Kf7 37. Qd7+ 1-0

[Event "Early-Titled-Tuesday-Blitz-January-30-2024"]
[Site "Chess.com"]
[Date "2024.01.30"]
[Round "6"]
[White "Njal28"]
[Black "Hongjin"]
[Result "1-0"]
[WhiteElo "3041"]
[BlackElo "2809"]
[TimeControl "180+1"]
[EndTime "9:07:39 PST"]
[Termination "Njal28 won by checkmate"]

1. d4 d5 2. c4 e6 3. Nf3 a6 4.
e3 Nf6 5. Nc3 c5 6. a3 dxc4 7.
Bxc4 b5 8. Ba2 Bb7 9. Qc2 Nbd7 10. O-O Be7 11. Rd1 Qc7 12. d5 exd5 13. Nxd5 Nxd5 14. Bxd5 Bxd5 15. Rxd5 Nf6 16. Rd1 O-O 17. e4 Rfd8 18. Bg5 c4 19. e5 Nd5 20. Qe4 Nb6 21. e6 f6 22. Bf4 Bd6 23. Be3 Re8 24. Rd2 Rad8 25. Rad1 Be7 26. Nh4 Rxd2 27. Rxd2 Rd8 28. Nf5 Rxd2 29. Bxd2 g6 30. Qc6 Bd8 31. Qe8# 1-0

[Event "Early-Titled-Tuesday-Blitz-January-30-2024"]
[Site "Chess.com"]
[Date "2024.01.30"]
[Round "6"]
[White "VomDingJetztHer"]
[Black "PepeCuenca"]
[Result "1-0"]
[WhiteElo "2469"]
[BlackElo "2659"]
[TimeControl "180+1"]
[EndTime "9:07:39 PST"]
[Termination "VomDingJetztHer won by resignation"]

1. e4 d6 2. d4 Nf6 3. Bd3 e5 4. c3 d5 5. exd5 Qxd5 6. dxe5 Qxg2 7. Qf3 Qxf3 8. Nxf3 Nd5 9. Be4 Ne7 10. Bg5 Nbc6 11.
Nbd2 h6 12. Be3 Bf5 13. O-O-O O-O-O 14. Bc5 Bxe4 15. Nxe4 Nf5 16. Rxd8+ Kxd8 17. Rd1+ Kc8 18. Kc2 b6 19. Bxf8 Rxf8 20. Ng3 Nfe7 21. Re1 Kd7 22. Nd4 Nxd4+ 23. cxd4 Ke6 24. Kd3 Rd8 25. Ke4 Nc6 26.
Nf5 g6 27. d5+ Kd7 28. dxc6+ Kxc6 29. Nxh6 Rd2 30. Nxf7 Rxf2 31. e6 1-0

[Event "Early-Titled-Tuesday-Blitz-January-30-2024"]
[Site "Chess.com"]
[Date "2024.01.30"]
[Round "6"]
[White "IngOscarArdila"]
[Black "tarno17"]
[Result "1-0"]
[WhiteElo "2325"]
[BlackElo "2063"]
[TimeControl "180+1"]
[EndTime "9:07:39 PST"]
[Termination "IngOscarArdila won on time"]

1. d4 d5 2. c4 e6 3. Nc3 Nf6 4. Bg5 Be7 5. Nf3 h6 6. Bh4 O-O 7. e3 b6 8. cxd5 exd5 9. Bd3 Bb7 10. Ne5 Nbd7 11. f4 Ne4 12. Bxe7 Qxe7 13. Bxe4 dxe4 14.
O-O Nxe5 15. fxe5 Qg5 16. Rf4 f5 17. Qb3+ Kh7 18. Raf1 Rae8 19. Qc4 Re7 20. Nd5 Re6 21. Nxc7 Rg6 22. g3 Rc8 23. Qf7 Ba6 24. Ne6 Qh5 25.
Rxf5 1-0

[Event "Early-Titled-Tuesday-Blitz-January-30-2024"]
[Site "Chess.com"]
[Date "2024.01.30"]
[Round "6"]
[White "GMBenjaminBok"]
[Black "Sanyura"]
[Result "1-0"]
[WhiteElo "2932"]
[BlackElo "2634"]
[TimeControl "180+1"]
[EndTime "9:07:40 PST"]
[Termination "GMBenjaminBok won by resignation"]

1. d4 Nf6 2. c4 g6 3. g3 Bg7 4. Bg2 d6 5. Nc3 Nbd7 6. Nf3 e5 7. O-O exd4 8. Nxd4 O-O 9. b3 Re8 10. Bb2 Nc5 11.
Qc2 a5 12. Rfd1 a4 13. Rac1 axb3 14. axb3 c6 15. b4 Ne6 16. Nb3 Qb6 17. b5 Ng4 18. e3 Nc5 19. Nxc5 Qxc5 20. Ne4 Bf5 21. Nxc5 Bxc2 22. Rxc2 dxc5 23. Bxg7 Kxg7 24. bxc6 Red8 25. Rxd8 Rxd8 26. cxb7 Rd1+ 27. Bf1 Rb1 28. Kg2 Rxb7 29. Be2 Ne5 30. f4 Nd7 31. Rd2 Ra7 32. Rd5 f5 33. Kf3 Kf6 34. h3 Ke6 35. g4 Ra3 36. gxf5+ gxf5 37. Bd3 Nf6 38. Bxf5+ Ke7 39. Rxc5 Rc3 40. Re5+ Kd6 41. Re6+ 1-0

[Event "Early-Titled-Tuesday-Blitz-January-30-2024"]
[Site "Chess.com"]
[Date "2024.01.30"]
[Round "6"]
[White "Makswolf200817"]
[Black "yjjga"]
[Result "1-0"]
[WhiteElo "2676"]
[BlackElo "2457"]
[TimeControl "180+1"]
[EndTime "9:07:41 PST"]
[Termination "Makswolf200817 won on time"]

1. d4 d5 2. c4 c6 3. Nf3 Nf6 4. g3 Bf5 5. Nc3 e6 6. Nh4 Bg6 7. Nxg6 hxg6 8. Qd3 Nbd7 9. Bg2 Bd6 10. O-O Qe7 11. b3 Rd8 12. Bb2 O-O 13. Rad1 dxc4 14. Qxc4 Nb6 15. Qd3 e5 16. Ne4 Nxe4 17. Qxe4 exd4 18.
Qxd4 f6 19. Qg4 g5 20. Be4 Kf7 21. Qh5+ Ke6 22. Qh3+ Kf7 23. Bf5 Rh8 24. Qg4 Rh6 25.
Kg2 Rdh8 26. Rh1 Nd5 27. e4 Nb6 28. Qf3 Be5 29. Bc1 g6 30. Bg4 Kg7 31. Be3 Rd8 32.
Rxd8 Qxd8 33. Rd1 Qh8 34. h3 Rh7 35. a4 Kh6 36. a5 Nc8 37. h4 1-0

[Event "Early-Titled-Tuesday-Blitz-January-30-2024"]
[Site "Chess.com"]
[Date "2024.01.30"]
[Round "6"]
[White "DefiantChair"]
[Black "dcann0n88"]
[Result "0-1"]
[WhiteElo "2580"]
[BlackElo "2461"]
[TimeControl "180+1"]
[EndTime "9:07:42 PST"]
[Termination "dcann0n88 won by resignation"]

1. e4 c5 2. Nf3 e6 3. d4 cxd4 4.
Nxd4 Nf6 5. Nc3 d6 6. Be3 a6 7. f3 b5 8. Qd2 b4 9. Nce2 Nbd7 10.
O-O-O Qc7 11. g4 h6 12. h4 d5 13. Bh3 dxe4 14. g5 exf3 15. Nf4 Ne4 16. Qd3 Ndc5 17. Qc4 Bd6 18. Nh5 hxg5 19. Bg4 g6 20. hxg5 gxh5 21. Bxh5 Rg8 22. Bxf3 Bb7 23. g6 Bf4 24. gxf7+ Qxf7 25.
Bh5 Bxe3+ 26. Kb1 Qxh5 27. Nxe6 Qxd1+ 28. Rxd1 Nd2+ 29. Rxd2 Rg1+ 0-1

[Event "Early-Titled-Tuesday-Blitz-January-30-2024"]
[Site "Chess.com"]
[Date "2024.01.30"]
[Round "6"]
[White "whiteglovethief"]
[Black "Ducke13"]
[Result "1/2-1/2"]
[WhiteElo "2495"]
[BlackElo "2297"]
[TimeControl "180+1"]
[EndTime "9:07:43 PST"]
[Termination "Game drawn - insufficient material"]

1. d4 Nf6 2. c4 g6 3. Nc3 d5 4. cxd5 Nxd5 5. Nf3 Bg7 6. g3 O-O 7. Bg2 c5 8. O-O cxd4 9. Nxd4 Nxc3 10. bxc3 a6 11.
Rb1 Qc7 12. Qa4 Nd7 13. Bg5 Nc5 14. Qc4 h6 15. Bf4 e5 16. Nb3 exf4 17. Qxc5 Qxc5 18.
Nxc5 fxg3 19. hxg3 Bxc3 20. Rfc1 Bd4 21. e3 Bxc5 22.
Rxc5 Rb8 23. Rb6 Be6 24. a3 Rfc8 25. Rxc8+ Bxc8 26. Bf1 Ra8 27. Bg2 Rb8 28. Bd5 Kf8 29.
a4 Ke7 30. a5 h5 31. f4 Be6 32. Bxb7 Bd7 33. Bxa6 Rxb6 34. axb6 Kd6 35. Bc4 Be8 36. b7 Kc7 37. Bd5 f6 38. e4 g5 39. fxg5 fxg5 40.
Kf2 h4 41. gxh4 gxh4 42. e5 Bd7 43. e6 Bxe6 44. Bxe6 Kxb7 45. Kg2 Kc7 46. Kh3 Kd6 47. Kxh4 1/2-1/2

[Event "Early-Titled-Tuesday-Blitz-January-30-2024"]
[Site "Chess.com"]
[Date "2024.01.30"]
[Round "6"]
[White "GoValya"]
[Black "stratacticos"]
[Result "1-0"]
[WhiteElo "2312"]
[BlackElo "2045"]
[TimeControl "180+1"]
[EndTime "9:07:44 PST"]
[Termination "GoValya won by resignation"]

1. d4 Nf6 2. g3 g6 3. Bg2 Bg7 4. c4 c5 5. d5 b5 6. d6 Nc6 7.
cxb5 Qa5+ 8. Nc3 Nd4 9. Bxa8 exd6 10. Bg2 O-O 11. Nf3 Nxb5 12. Bd2 d5 13. Nxd5 Qd8 14. Nxf6+ Qxf6 15. O-O d5 16. Bg5 Qe6 17. Qc2 c4 18. a4 Nd6 19. Rad1 Ne4 20. Be3 Bb7 21.
Bd4 Qc6 22. Bxg7 Kxg7 23. Nd4 Qf6 24. Bxe4 dxe4 25. e3 Bd5 26. Qc3 Kg8 27. Nb5 Qf5 28. Nd6 Qe6 29. Qd4 Qxd6 30. Qxd5 Qb4 31. Qxe4 Qxb2 32.
Qxc4 1-0

[Event "Early-Titled-Tuesday-Blitz-January-30-2024"]
[Site "Chess.com"]
[Date "2024.01.30"]
[Round "6"]
[White "TokChess"]
[Black "picturesquecheck"]
[Result "1-0"]
[WhiteElo "2527"]
[BlackElo "2362"]
[TimeControl "180+1"]
[EndTime "9:07:45 PST"]
[Termination "TokChess won by resignation"]

1. e4 d6 2. Nf3 g6 3. Bc4 Bg7 4.
d3 e6 5. a4 Ne7 6. O-O O-O 7. Bb3 Nbc6 8. c3 d5 9. Qe2 b6 10. e5 Bb7 11. Re1 Na5 12. Bc2 c5 13. h4 h5 14. Bg5 Qd7 15. Nbd2 Nf5 16. Nf1 d4 17. c4 Nc6 18. Ng3 Nxg3 19. fxg3 Nb4 20.
Bf4 Bc6 21. b3 Rae8 22. Rf1 a5 23. Rae1 Qb7 24. Bb1 Qa8 25. Bg5 Qb7 26. Qd2 Qc7 27. Bf6 Rc8 28. Qg5 Ba8 29. Nh2 Qc6 30. Re2 Kh7 31.
g4 hxg4 32. Nxg4 Qe8 33. Bxg7 Kxg7 34. Qh6+ 1-0

[Event "Early-Titled-Tuesday-Blitz-January-30-2024"]
[Site "Chess.com"]
[Date "2024.01.30"]
[Round "6"]
[White "JimDiGrease"]
[Black "CaspiIsrael"]
[Result "1-0"]
[WhiteElo "2944"]
[BlackElo "2757"]
[TimeControl "180+1"]
[EndTime "9:07:46 PST"]
[Termination "JimDiGrease won by resignation"]

1. d4 Nf6 2. c4 e6 3. Bf4 c5 4. d5 exd5 5. cxd5 b5 6. e3 Qa5+ 7. Nc3 a6 8. Nf3 d6 9. a3 Bb7 10. Be2 Nxd5 11. O-O Nxf4 12. exf4 Be7 13. Nd5 Bxd5 14.
Qxd5 Ra7 15. Bd3 O-O 16. Rfe1 Qc7 17. Re2 Bf6 18. Qf5 g6 19. Qxf6 Nd7 20. Qg5 c4 21. Be4 Nc5 22. Rae1 Qe7 23. Bc2 Qxg5 24. Nxg5 a5 25. Ne4 Ne6 26. Nxd6 Nxf4 27. Re3 Rb8 28. Re8+ Rxe8 29. Rxe8+ Kg7 30. Nxb5 Rb7 31. a4 Rd7 32. g3 Nh3+ 33. Kf1 Nxf2 34. Kxf2 1-0

[Event "Early-Titled-Tuesday-Blitz-January-30-2024"]
[Site "Chess.com"]
[Date "2024.01.30"]
[Round "6"]
[White "RantomOpening"]
[Black "ilushka"]
[Result "1-0"]
[WhiteElo "2512"]
[BlackElo "2342"]
[TimeControl "180+1"]
[EndTime "9:07:47 PST"]
[Termination "RantomOpening won by checkmate"]

1. e4 e5 2. Nf3 Nc6 3. c3 Nf6 4. d4 d5 5. Nxe5 Nxe5 6. dxe5 Nxe4 7. Bd3 Bc5 8. O-O O-O 9. Nd2 f5 10. Nf3 Be6 11. Qe2 c6 12. Nd4 Re8 13. Be3 Bb6 14. f3 Nc5 15. Bc2 g6 16. f4 Ne4 17. Rad1 Qd7 18.
Nf3 Qc7 19. Kh1 Bxe3 20. Qxe3 Qb6 21. Qxb6 axb6 22. a3 b5 23. Bxe4 dxe4 24. Nd4 Bd5 25.
Kg1 Red8 26. Kf2 c5 27. Nxb5 Bc4 28. Nd6 Bxf1 29. Kxf1 Kf8 30. Ke2 Ke7 31. g4 Ke6 32. g5 Ra6 33. Rh1 Rb6 34. Nc4 Rb3 35. Rb1 Rd3 36. Nd2 Rdxc3 37. bxc3 Rxc3 38. Rb6+ Kd5 39. Rd6# 1-0

[Event "Early-Titled-Tuesday-Blitz-January-30-2024"]
[Site "Chess.com"]
[Date "2024.01.30"]
[Round "6"]
[White "Pastore1978"]
[Black "OneTrickPony_82"]
[Result "0-1"]
[WhiteElo "2277"]
[BlackElo "2515"]
[TimeControl "180+1"]
[EndTime "9:07:50 PST"]
[Termination "OneTrickPony_82 won by checkmate"]

1. e4 e5 2. Nf3 Nc6 3. d4 exd4 4.
Nxd4 Nf6 5. Nxc6 bxc6 6. e5 Qe7 7.
Qe2 Nd5 8. h4 a5 9. c4 Nb6 10.
b3 Qe6 11. Bb2 a4 12. g3 Bb4+ 13. Nd2 O-O 14. Bh3 Qg6 15. O-O Qc2 16. Bc1 axb3 17. Qf3 Bxd2 18. Bf5 Qc3 19. Qe4 Bxc1 20. Bxh7+ Kh8 21.
Raxc1 Qd2 22. axb3 d5 23. cxd5 cxd5 24. Qb1 Bh3 25. Rfd1 Qa2 26. Rxc7 g6 27. Bxg6 fxg6 28. Qxg6 Qxf2+ 29. Kh1 Qg2# 0-1

[Event "Early-Titled-Tuesday-Blitz-January-30-2024"]
[Site "Chess.com"]
[Date "2024.01.30"]
[Round "6"]
[White "Kostya0705"]
[Black "Alex_Sahakyan2006"]
[Result "1-0"]
[WhiteElo "2605"]
[BlackElo "2867"]
[TimeControl "180+1"]
[EndTime "9:07:52 PST"]
[Termination "Kostya0705 won on time"]

1. e4 e5 2. Nf3 Nc6 3. Bc4 Nf6 4.
d3 Bc5 5. O-O d6 6. c3 a6 7. Bb3 Ba7 8. Nbd2 h6 9. Re1 g5 10.
Nf1 g4 11. N3d2 h5 12. Nc4 h4 13. Be3 Bxe3 14. Ncxe3 Qe7 15. d4 Bd7 16. Nd5 Nxd5 17. exd5 Na7 18. dxe5 dxe5 19. Qe2 f6 20. Qe4 O-O-O 21. Ne3 Nb5 22. Nf5 Qh7 23. Bc2 Kb8 24. a4 Na7 25. Rad1 Nc8 26. b4 Rdg8 27. c4 g3 28. fxg3 hxg3 29. h3 Bxf5 30. Qxf5 Qxf5 31. Bxf5 Rg5 32. Be6 Rh4 33. c5 Ne7 34. b5 axb5 35. axb5 Rh8 36. Rf1 f5 37. d6 cxd6 38. cxd6 Ng6 39.
Rf3 e4 40. Ra3 Nf4 41. Rda1 1-0

[Event "Early-Titled-Tuesday-Blitz-January-30-2024"]
[Site "Chess.com"]
[Date "2024.01.30"]
[Round "6"]
[White "Sajith_Peiris"]
[Black "Sam_ChessMood"]
[Result "0-1"]
[WhiteElo "2280"]
[BlackElo "2896"]
[TimeControl "180+1"]
[EndTime "9:07:53 PST"]
[Termination "Sam_ChessMood won by resignation"]

1. e4 c5 2. Nc3 d6 3. d3 g6 4.
g3 Bg7 5. Bg2 Nc6 6. Nge2 h5 7.
Be3 h4 8. h3 hxg3 9. fxg3 Nf6 10. Qd2 Rb8 11. g4 b5 12. Ng3 b4 13. Nce2 Nd7 14.
O-O Bxb2 15. Rab1 Bg7 16. Qe1 Nde5 17. Qf2 Be6 18. d4 cxd4 19. Nxd4 Nxd4 20. Bxd4 O-O 21. Bxa7 Ra8 22. Rxb4 Nc6 23. Bb6 Qd7 24. Rbb1 Rxa2 25. Kh2 Be5 26. Kh1 Rc8 27. Rbc1 Nb4 28. Bd4 Nd3 29.
Qe3 Nxc1 30. Bxe5 dxe5 31. Rxc1 Rcxc2 32. Rxc2 Rxc2 33. Nf5 Bxf5 34. gxf5 Qd1+ 35. Kh2 Qd2 36. Qg3 Qf4 37. fxg6 fxg6 38. Qxf4 exf4 39. Kg1 e5 40. Bf3 Rd2 41. Kf1 Kg7 42. Kg1 Kf6 43. Kf1 Kg5 44. Ke1 Rb2 45. Kd1 Kh4 46. Bg4 Rb4 47. Ke2 Rxe4+ 48.
Kd3 Re3+ 49. Kc4 g5 50. Kd5 f3 0-1

[Event "Early-Titled-Tuesday-Blitz-January-30-2024"]
[Site "Chess.com"]
[Date "2024.01.30"]
[Round "6"]
[White "soloderisas"]
[Black "claudyna16"]
[Result "0-1"]
[WhiteElo "2509"]
[BlackElo "2388"]
[TimeControl "180+1"]
[EndTime "9:07:54 PST"]
[Termination "claudyna16 won by resignation"]

1. d4 Nf6 2. Nf3 g6 3. Bf4 Bg7 4. e3 d6 5. h3 O-O 6. Be2 b6 7. O-O Bb7 8. Nbd2 Nbd7 9. a4 a6 10. a5 b5 11. c4 c6 12. b4 bxc4 13. Bxc4 c5 14. Qb3 cxb4 15. Ng5 Qe8 16. Qxb4 Rb8 17. Rfb1 Bxg2 18. Kxg2 Rxb4 19. Rxb4 e5 20. Bg3 exd4 21.
Bxd6 dxe3 22. Bxf8 Qa8+ 23. Ndf3 Bxf8 24. Rb3 Ne5 25.
Rc1 h6 26. Bxf7+ Nxf7 27. Nxf7 Kxf7 28. Rc7+ Kg8 29. Rbb7 e2 30. Ne1 Qd8 31. Kf3 Qd1 32. Rb8 Qxe1 33. Rcc8 Nh7 0-1

[Event "Early-Titled-Tuesday-Blitz-January-30-2024"]
[Site "Chess.com"]
[Date "2024.01.30"]
[Round "6"]
[White "mbojan"]
[Black "Lady_Nika"]
[Result "1-0"]
[WhiteElo "2879"]
[BlackElo "2578"]
[TimeControl "180+1"]
[EndTime "9:07:56 PST"]
[Termination "mbojan won by resignation"]

1. Nf3 d5 2. g3 e6 3. Bg2 Nf6 4.
O-O Be7 5. d3 b6 6. c4 Bb7 7.
cxd5 exd5 8. Nd4 O-O 9. Nf5 Re8 10. Nxe7+ Qxe7 11. Nc3 c5 12. Bg5 Nbd7 13. Nxd5 Bxd5 14. Bxd5 Rad8 15. Bf3 Qe5 16. Qc1 h6 17. Bd2 Nf8 18. Bc3 Qd6 19. a4 a5 20. Ra3 Nd5 21. Re1 Ne6 22. Ra1 Ng5 23. Bg2 Re7 24. Bd2 Ne6 25. Qc4 Ndc7 26. Bc3 Rde8 27. e3 Rd8 28. Red1 Nd5 29.
d4 Nb4 30. Bxb4 cxb4 31. Rac1 Rc7 32. Qf1 Rdc8 33. Bh3 Qd7 34. Rxc7 Rxc7 35. d5 1-0

[Event "Early-Titled-Tuesday-Blitz-January-30-2024"]
[Site "Chess.com"]
[Date "2024.01.30"]
[Round "6"]
[White "KubaGepard"]
[Black "Zohid6"]
[Result "0-1"]
[WhiteElo "2556"]
[BlackElo "2867"]
[TimeControl "180+1"]
[EndTime "9:07:56 PST"]
[Termination "Zohid6 won by resignation"]

1. d4 Nf6 2. Nf3 b6 3. g3 Bb7 4. Bg2 c5 5. c3 g6 6. O-O Bg7 7. Qb3 O-O 8. dxc5 Bd5 9. c4 Bc6 10. cxb6 axb6 11. Nc3 Na6 12. Be3 Nc5 13. Bxc5 bxc5 14.
Rfd1 Qa5 15. Nb5 d5 16. a4 d4 17. Ne5 Bxg2 18. Kxg2 Rac8 19. Qf3 Rfe8 20. b3 e6 21. h4 Qa6 22. g4 Rf8 23. h5 Nxh5 24. Nd7 Rfd8 25. gxh5 Rxd7 26. hxg6 fxg6 27. Rd3 Rf8 28.
Qe4 Rdf7 29. Rf3 Rxf3 30. exf3 e5 31. Qd5+ Kh8 32. Qd6 Qb7 33. Qd5 Qe7 34. a5 Qg5+ 35. Kf1 Qh5 36. Ke2 d3+ 37. Kd2 Qg5+ 38. Kxd3 e4+ 39.
fxe4 Rf3+ 40. Ke2 Qg4 41. Rg1 Rg3+ 42. Kd2 Bh6+ 43. Kc2 Qe2+ 0-1

[Event "Early-Titled-Tuesday-Blitz-January-30-2024"]
[Site "Chess.com"]
[Date "2024.01.30"]
[Round "6"]
[White "Orujov2008"]
[Black "Mesa_1"]
[Result "1/2-1/2"]
[WhiteElo "2719"]
[BlackElo "2566"]
[TimeControl "180+1"]
[EndTime "9:07:56 PST"]
[Termination "Game drawn by repetition"]

1. e4 c5 2. Nf3 e6 3. d4 cxd4 4. Nxd4 a6 5. Bd3 Bc5 6. Nb3 Ba7 7. O-O Ne7 8. Qe2 O-O 9. Be3 Nbc6 10. Bxa7 Rxa7 11.
c4 d5 12. cxd5 exd5 13. e5 Bf5 14. Bxf5 Nxf5 15. N1d2 Ra8 16. Rad1 Qb6 17. Kh1 a5 18. g4 Nfd4 19. Qe3 a4 20. Nxd4 Qxd4 21. Qxd4 Nxd4 22.
Ne4 dxe4 23. Rxd4 a3 24. b3 Rfd8 25. Rfd1 Rxd4 26. Rxd4 Kf8 27. Rxe4 Rd8 28. Re2 Ke7 29. f4 Rd4 30. Rf2 g5 31. Kg2 gxf4 32. Kf3 Ke6 33. Rc2 Kxe5 34. Rc5+ Rd5 35. Rxd5+ Kxd5 36. Kxf4 Kd4 37. g5 Kc3 38. Ke3 Kb2 39. Kd2 b5 40. Kd3 Kxa2 41. Kc2 b4 42. h4 Ka1 43. Kc1 Ka2 44. Kc2 Ka1 45. Kc1 Ka2 46. Kc2 1/2-1/2

[Event "Early-Titled-Tuesday-Blitz-January-30-2024"]
[Site "Chess.com"]
[Date "2024.01.30"]
[Round "6"]
[White "Druid24"]
[Black "JeFumeDesClopes"]
[Result "0-1"]
[WhiteElo "2703"]
[BlackElo "2573"]
[TimeControl "180+1"]
[EndTime "9:07:56 PST"]
[Termination "JeFumeDesClopes won by resignation"]

1. e4 g6 2. d4 Bg7 3. Nc3 d6 4. Be3 a6 5. f3 b5 6. Qd2 Nd7 7. h4 h5 8. Nge2 Bb7 9. O-O-O c5 10. Kb1 Rc8 11. g4 hxg4 12. fxg4 Ngf6 13. Bg2 b4 14.
Nd5 Bxd5 15. exd5 Nxg4 16. Bh3 Nxe3 17. Qxe3 Rc7 18. dxc5 Rxc5 19. Qe4 Nf6 20. Qxb4 Rh5 21. Nf4 Rxh4 22. Bd7+ Nxd7 23. Rxh4 Rb5 24. Qa4 Nc5 25. Qc4 Rxb2+ 26. Kc1 Qa5 27. a4 Rb4 28. Ne2 Rxc4 29. Rxc4 Nxa4 30. Nd4 Nc3 31. Rd3 Bxd4 32. Kd2 Be5 33. Rh3 Nxd5+ 34. Kd1 Qa1+ 35. Ke2 Nf4+ 0-1

[Event "Early-Titled-Tuesday-Blitz-January-30-2024"]
[Site "Chess.com"]
[Date "2024.01.30"]
[Round "6"]
[White "Vsevolod_Ovchinnikov"]
[Black "Durarbayli"]
[Result "0-1"]
[WhiteElo "2639"]
[BlackElo "2915"]
[TimeControl "180+1"]
[EndTime "9:07:57 PST"]
[Termination "Durarbayli won by resignation"]

1. g3 c5 2. Bg2 Nc6 3. c4 g6 4.
Nc3 Bg7 5. a3 e6 6. Rb1 Nge7 7.
b4 d6 8. Nf3 O-O 9. O-O b6 10.
bxc5 dxc5 11. Bb2 Bb7 12. d3 Qd7 13. Nb5 e5 14. Nd2 Nd4 15. Bxb7 Qxb7 16. Bxd4 exd4 17. a4 Nc6 18. Na3 Qe7 19. Nb3 Rae8 20. Rb2 f5 21. f4 g5 22. Kh1 gxf4 23. gxf4 Rf6 24. Rf2 Rg6 25. Qf1 Nb8 26. a5 Nd7 27. Nc2 Nf6 28. h3 Nh5 29. Kh2 Bh6 30. Ne1 Qh4 31. axb6 axb6 32.
Nd2 Bxf4+ 33. Rxf4 Rxe2+ 34. Qxe2 Qg3+ 0-1

[Event "Early-Titled-Tuesday-Blitz-January-30-2024"]
[Site "Chess.com"]
[Date "2024.01.30"]
[Round "6"]
[White "dropstoneDP"]
[Black "Byniolus"]
[Result "1/2-1/2"]
[WhiteElo "3043"]
[BlackElo "2828"]
[TimeControl "180+1"]
[EndTime "9:07:58 PST"]
[Termination "Game drawn by repetition"]

1. e4 d5 2. exd5 Nf6 3. d4 Nxd5 4. Nf3 Bg4 5. Be2 e6 6. c4 Nb6 7. Nc3 Nc6 8. O-O Be7 9. d5 exd5 10. cxd5 Bxf3 11.
Bxf3 Ne5 12. Bf4 Nxf3+ 13. Qxf3 O-O 14. Rfd1 Bd6 15. Rac1 Qf6 16. Bxd6 Qxf3 17. gxf3 cxd6 18. Ne4 Rac8 19. Nxd6 Rxc1 20. Rxc1 Nxd5 21. Nxb7 Nf4 22. Rc4 g5 23. h4 Rb8 24. hxg5 Ne2+ 25. Kf1 Rxb7 26.
Kxe2 Rxb2+ 27. Ke3 Rxa2 28. f4 h6 29. gxh6 Ra6 30.
Rc8+ Kh7 31. Rc7 Rf6 32. Rxa7 Kxh6 33. Ke4 Kg7 34. f5 Rb6 35. Kf4 Kf6 36. Ra4 Rc6 37. f3 Rb6 38. Kg4 Rc6 39. f4 Rb6 40. Rc4 Ra6 41. Rb4 Rc6 42. Rd4 Rb6 43. Ra4 Rc6 44.
Rb4 Ra6 45. Rd4 Rc6 46. Rb4 Ra6 47. Rd4 Rc6 48. Rb4 1/2-1/2

[Event "Early-Titled-Tuesday-Blitz-January-30-2024"]
[Site "Chess.com"]
[Date "2024.01.30"]
[Round "6"]
[White "averageFM"]
[Black "hasagoodchesser"]
[Result "0-1"]
[WhiteElo "2570"]
[BlackElo "2743"]
[TimeControl "180+1"]
[EndTime "9:07:59 PST"]
[Termination "hasagoodchesser won by resignation"]

1. d4 Nf6 2. Nc3 d5 3. e4 Nxe4 4. Nxe4 dxe4 5. Be3 Bf5 6. Qd2 e6 7. O-O-O Be7 8. f3 Nc6 9. g4 Bg6 10. Bb5 a6 11. Bxc6+ bxc6 12. h4 h5 13. g5 Qd5 14.
fxe4 Bxe4 15. Rh2 Qxa2 16. Qc3 Rb8 17. d5 Bxd5 18. Qxg7 Rf8 19. Bd4 Qa1+ 20. Kd2 Bb4+ 21. Bc3 Qxb2 22. Ne2 Bf3 23. Qd4 Bxc3+ 24. Qxc3 Rd8+ 25.
Ke1 Rxd1+ 0-1

[Event "Early-Titled-Tuesday-Blitz-January-30-2024"]
[Site "Chess.com"]
[Date "2024.01.30"]
[Round "6"]
[White "ukchessbomber"]
[Black "Jumbo"]
[Result "0-1"]
[WhiteElo "2630"]
[BlackElo "2929"]
[TimeControl "180+1"]
[EndTime "9:08:00 PST"]
[Termination "Jumbo won by resignation"]

1. c4 Nf6 2. Nc3 e6 3. Nf3 d5 4. e3 b6 5. Be2 Bb7 6. O-O a6 7. b3 Bd6 8. Bb2 O-O 9. Rc1 Nbd7 10. Qc2 Rc8 11. Rfd1 dxc4 12. bxc4 c5 13. d4 cxd4 14. Nxd4 Qe7 15. Ba1 Ne5 16. Qb3 Nfd7 17. f4 Ng6 18. Bf3 Bxf3 19. Nxf3 Nf6 20. Na4 Rb8 21. Ne5 Bxe5 22.
fxe5 Ng4 23. h3 N4xe5 24. Nxb6 Qg5 25. Rc2 Qg3 26. Kf1 f5 27. c5 f4 28. Qxe6+ Kh8 29.
Bxe5 Nxe5 30. exf4 Rxf4+ 0-1

[Event "Early-Titled-Tuesday-Blitz-January-30-2024"]
[Site "Chess.com"]
[Date "2024.01.30"]
[Round "6"]
[White "chipmunknau"]
[Black "Logman74"]
[Result "1-0"]
[WhiteElo "2749"]
[BlackElo "2573"]
[TimeControl "180+1"]
[EndTime "9:08:00 PST"]
[Termination "chipmunknau won on time"]

1. d4 Nf6 2. Nf3 e6 3. a3 c5 4. c4 d5 5. cxd5 exd5 6. Nc3 Nc6 7.
dxc5 Bxc5 8. b4 Bb6 9. Na4 Bg4 10. e3 d4 11. Nxb6 Qxb6 12. b5 Ne5 13. exd4 Nxf3+ 14.
gxf3 Be6 15. Rg1 O-O 16. Bh6 Nh5 17. Be2 Rfe8 18. Be3 Bd5 19. Qc2 g6 20. Qc5 Qe6 21. Rg5 Nf4 22. Re5 Ng2+ 23. Kd2 b6 24. Qxd5 Qf6 25.
Qe4 Red8 26. f4 Rac8 27. Qxg2 1-0

[Event "Early-Titled-Tuesday-Blitz-January-30-2024"]
[Site "Chess.com"]
[Date "2024.01.30"]
[Round "6"]
[White "NowInChess"]
[Black "Yurasova_Daria"]
[Result "1/2-1/2"]
[WhiteElo "2276"]
[BlackElo "2440"]
[TimeControl "180+1"]
[EndTime "9:08:01 PST"]
[Termination "Game drawn by repetition"]

1. e4 e5 2. Nf3 Nc6 3. d4 exd4 4.
Bc4 Nf6 5. e5 d5 6. Bb5 Ne4 7.
Nxd4 Bd7 8. Bxc6 bxc6 9. O-O Bc5 10. f3 Ng5 11. f4 Ne4 12. Be3 O-O 13. Nd2 Bxd4 14.
Bxd4 Bf5 15. Nxe4 Bxe4 16. Bc5 Re8 17. Qe2 Qc8 18. c3 Qb7 19. b4 a5 20. a3 h6 21.
Bd4 axb4 22. axb4 Rxa1 23. Rxa1 Ra8 24. Qb2 Rxa1+ 25. Qxa1 Qb5 26. Qf1 Qa4 27. h3 Qc2 28.
Qf2 Qb3 29. f5 Qb1+ 30. Kh2 Bxf5 31. Qg3 Be6 32. Qh4 Qf1 33. Qd8+ Kh7 34. Qxc7 Qf4+ 35.
Kg1 Qc1+ 36. Kh2 Qf4+ 37. Kh1 Qc1+ 38. Kh2 Qf4+ 1/2-1/2

[Event "Early-Titled-Tuesday-Blitz-January-30-2024"]
[Site "Chess.com"]
[Date "2024.01.30"]
[Round "6"]
[White "blitzking1729"]
[Black "Herzog2012"]
[Result "1-0"]
[WhiteElo "2708"]
[BlackElo "2554"]
[TimeControl "180+1"]
[EndTime "9:08:02 PST"]
[Termination "blitzking1729 won by resignation"]

1. c4 e5 2. Nc3 Nf6 3. Nf3 Nc6 4. e3 Bb4 5. Qc2 Bxc3 6. Qxc3 Qe7 7. d4 exd4 8. Nxd4 Ne5 9. Be2 d5 10. cxd5 Nxd5 11.
Qb3 c6 12. Bd2 O-O 13. O-O Rd8 14. Rfd1 c5 15. Nf3 b6 16. Bc3 Nxc3 17. Rxd8+ Qxd8 18. Qxc3 Nxf3+ 19. Bxf3 Rb8 20. Rd1 Qf8 21. a3 Be6 22.
Qd3 Qe7 23. h3 g6 24. g3 Kg7 25. h4 h6 26. Kg2 Qf6 27. b4 c4 28. Qd6 Rc8 29. Bb7 Rf8 30. Qc7 g5 31. Rd4 Qf5 32. Be4 Qf6 33. Bd5 Bxd5+ 34. Rxd5 Qe6 35. Qxc4 Rc8 36. Qd4+ Qf6 37. hxg5 Qxd4 38. gxh6+ Kxh6 39. Rxd4 Rc3 40. Rd7 Rxa3 41. Rxf7 a6 42. Rb7 b5 43. g4 Kg5 44. Kg3 Ra4 45. Rb6 1-0